 Dungeon Crawl Stone Soup version 0.30-b1-2-g02819fbbbe (webtiles) character file.

Game seed: 4014070953325529828

205 G3Kappa the Ruffian (level 5, -6/54 HPs)
             Began as a Troll Berserker on Sept 13, 2023.
             Was a Believer of Trog.
             Mangled by an orc warrior
             ... wielding a +0 scimitar
              (19 damage)
             ... on level 4 of the Dungeon.
             The game lasted 00:04:13 (2494 turns).

G3Kappa the Ruffian (Troll Berserker)               Turns: 2494, Time: 00:04:13

Health: -6/54      AC:  4    Str: 27    XL:     5   Next: 53%
Magic:  4/4        EV: 10    Int:  3    God:    Trog [**....]
Gold:   147        SH:  0    Dex:  9    Spells: 4/4 levels left

rFire   . .          .
                       - Unarmed
rCold   . . .        (no shield)
rNeg    . . .        a - +0 animal skin
rPois   .            (helmet restricted)
rElec   .            (no cloak)
rCorr   .            (gloves unavailable)
SInv    .            (boots unavailable)
Will    .....        (no amulet)
Stlth   +            (no ring)
HPRegen 1.09/turn    (no ring)
MPRegen 0.09/turn

%: no passive effects
@: no status effects
A: large, unfitting armour, claws 3, regeneration 1, shaggy fur 1, tough skin 1
a: Renounce Religion, Berserk, Trog's Hand


You were on level 4 of the Dungeon.
You worshipped Trog.
Trog was pleased with you.
You visited 1 branch of the dungeon, and saw 4 of its levels.

You collected 147 gold pieces.

Inventory:

Armour
 a - a +0 animal skin (worn)
Scrolls
 b - 3 scrolls of immolation {unknown}
 f - 3 scrolls of identify {unknown}
 g - a scroll of blinking {unknown}
 k - 3 scrolls of noise {unknown}
 m - a scroll of magic mapping {unknown}
 o - a scroll of teleportation {unknown}
Potions
 c - a potion of flight {unknown}
 d - a potion of invisibility {unknown}
 e - a potion of might {unknown}
 h - a potion of berserk rage {unknown}
 i - a potion of degeneration {unknown}
 j - a potion of attraction {unknown}
 l - a potion of haste {unknown}
 n - a potion of lignification {unknown}


   Skills:
 * Level 3.9 Fighting
 - Level 2.4 Dodging
 + Level 5.0 Unarmed Combat


You had 4 spell levels left.
You didn't know any spells.
Your spell library was empty.

Dungeon Overview and Level Annotations

Branches:
Dungeon (4/15)
 Temple: D:4-7

Altars:

Shops:
D:1 [


Innate Abilities, Weirdness & Mutations

You are too large for most types of armour.
You have claws for hands.
Your natural rate of healing is unusually fast.
You are covered in fur. (AC +1)
You have tough skin. (AC +1)


Message History

You are confused.
You scratch the orc wizard.
The orc wizard is lightly wounded.
The orc wizard completely misses you.
An orc wizard comes into view. It is wielding a +0 dagger.
The orc wizard hits you but does no damage.
The orc wizard casts a spell at you. The puff of flame hits you!
The orc warrior throws a stone.
The stone hits you. The orc wizard casts a spell at you.
The puff of flame misses you.
You're too confused to move!
You bump into the rock wall.
The quokka bites you but does no damage.
You feel less confused. The quokka barely misses you.
The quokka attacks as you move away!
The quokka bites you but does no damage.
You closely miss the quokka. The quokka bites you. The quokka bites you.
The quokka attacks as you move away! The quokka bites you.
The orc warrior throws a stone.
The stone hits you.
The quokka bites you but does no damage.
The quokka barely misses you.
You closely miss the orc warrior. The orc warrior barely misses you.
The quokka bites you but does no damage.
You completely miss the orc warrior.
The orc warrior hits you with a +0 scimitar!!
The quokka bites you but does no damage.
You closely miss the orc warrior.
The orc warrior hits you with a +0 scimitar!
The quokka bites you but does no damage.
You claw the orc warrior!
The orc warrior is heavily wounded.
The quokka closely misses you.
The orc wizard hits you with a +0 dagger.
The orc warrior hits you with a +0 scimitar.
* * * LOW HITPOINT WARNING * * *
The orc warrior attacks as you move away!
The orc warrior hits you with a +0 scimitar!!
You die...

### #..#### #.....#### ##
#.......# ##.##
#.....or######
#....#####..##o@.##.#
#.....###.o..##o#...###
##.....#...............#
.............#.#.#.#..##
#.##.................##
#.........#.#.#.#.#.######
....####..#.............#..#
.... ....#.#.#.#.#.#.....#
..# ...................#.###


You could see an orc warrior, 2 orc wizards and a quokka.

Vanquished Creatures
  A hound (D:3)
  2 iguanas (D:4)
  A sleepcap (D:4)
  5 adders
  An ufetubus (D:4)
  2 worms (D:3)
  A dart slug (D:1)
  4 bats
  4 endoplasms (D:3)
  2 giant cockroaches (D:1)
  3 goblins
  8 hobgoblins
  2 kobolds (D:1)
  A quokka (D:1)
  4 ball pythons
  3 frilled lizards
  3 rats
47 creatures vanquished.

Notes
Turn   | Place    | Note
-------+----------+-------------------------------------------
     0 | D:1      | G3Kappa the Troll Berserker began the quest for the Orb.
     0 | D:1      | Reached XP level 1. HP: 22/22 MP: 0/0
   104 | D:1      | Found Biosutoa's Armour Shoppe.
   125 | D:1      | Reached XP level 2. HP: 29/29 MP: 1/1
  1008 | D:2      | Reached XP level 3. HP: 36/37 MP: 2/2
  1631 | D:3      | Reached skill level 4 in Unarmed Combat
  1631 | D:3      | Reached XP level 4. HP: 45/45 MP: 3/3
  1727 | D:3      | Reached ** piety under Trog
  2308 | D:4      | Reached XP level 5. HP: 47/54 MP: 4/4
  2436 | D:4      | Reached skill level 5 in Unarmed Combat
  2469 | D:4      | Noticed an orc warrior
  2494 | D:4      | Mangled by an orc warrior

Illustrated notes

Levels and vault maps discovered:
D:1:      ncdulo_halloftheorcs, layout_basic, serial_shops, shop,
          chequers_big_river
D:2:      layout_loops_corners
D:3:      layout_loops_cross
D:4:      layout_cave_pools, hex_medium

Skill      XL: |  1  2  3  4  5 |
---------------+----------------+-----
Fighting       | 3 |  3.9
Unarmed Combat | 4 5 |  5.0
Dodging        | |  2.4

Action                     |  1- 3 |  4- 6 || total
---------------------------+-------+-------++-------
  Melee: Unarmed           |    74 |    74 ||   148
         Punch             |       |     2 ||     2
 Armour: Animal skin       |    28 |    35 ||    63
  Dodge: Dodged            |    42 |    39 ||    81
